 Dungeon Crawl Stone Soup version 0.29-a0-1016-g236c7fd91e (webtiles) character file.

Game seed: 16659611335249691685

1481 Tocho the Thaumaturge (level 8, -1/57 HPs)
             Began as a White Draconian Conjurer on Aug 9, 2022.
             Was a Follower of Vehumet.
             Slain by Maggie
             ... wielding a +0 glaive of distortion
              (13 damage)
             ... on level 6 of the Dungeon.
             The game lasted 00:20:00 (5501 turns).

Tocho the Thaumaturge (White Draconian Conjurer)    Turns: 5501, Time: 00:20:01

Health: -1/57      AC:  7    Str: 11    XL:     8   Next: 50%
Magic:  13/20      EV: 12    Int: 20    God:    Vehumet [*.....]
Gold:   273        SH:  0    Dex:  9    Spells: 15/23 levels left

rFire   x . .      SeeInvis .   p - +8 club
rCold   + + .      Faith    .   (no shield)
rNeg    . . .      Spirit   .   (body armour unavailable)
rPois   .          Reflect  .   (helmet restricted)
rElec   .          Harm     .   (no cloak)
rCorr   .          Rampage  .   (no gloves)
Will    .....                   x - +0 pair of boots
Stlth   ++........              b - amulet of magic regeneration
HPRegen 0.19/turn               q - ring of ice
MPRegen 0.57/turn               (no ring)

@: short of breath, mesmerised
A: breathe frost, AC +6, unfitting armour, cold resistance 1, cold-blooded
a: Breathe Frost, Renounce Religion


You were on level 6 of the Dungeon.
You worshipped Vehumet.
Vehumet was aware of your devotion.
You visited 1 branch of the dungeon, and saw 6 of its levels.

You collected 273 gold pieces.

Inventory:

Hand Weapons
 i - a +0 short sword
 l - a +0 short sword of speed
 p - a +8 club (weapon)
Armour
 x - a +0 pair of boots (worn)
Jewellery
 b - an amulet of magic regeneration (around neck)
 q - a ring of ice (left hand)
Wands
 t - a wand of digging (6)
 v - a wand of quicksilver (8)
 B - a wand of roots (3)
Scrolls
 f - 2 scrolls of fear
 h - a scroll of blinking
 j - 2 scrolls of teleportation
 n - a scroll of enchant armour {unknown}
 s - a scroll of acquirement {unknown}
 u - 4 scrolls of identify
 w - a scroll of noise {unknown}
 y - 3 scrolls of summoning {unknown}
 C - a scroll of enchant weapon {unknown}
Potions
 a - 3 potions of magic
 c - 3 potions of attraction {unknown}
 d - 4 potions of brilliance {unknown}
 g - 2 potions of haste {unknown}
 k - a potion of cancellation {unknown}
 m - a potion of mutation {unknown}
 o - 2 potions of lignification {unknown}
 r - 2 potions of flight {unknown}
 z - a potion of heal wounds {unknown}
 A - a potion of ambrosia {unknown}
 D - a potion of might {unknown}


   Skills:
 - Level 1.7 Dodging
 - Level 1.7 Stealth
 * Level 8.0 Spellcasting
 + Level 7.6 Conjurations


You had 15 spell levels left.
You knew the following spells:

 Your Spells              Type           Power      Damage    Failure   Level
a - Magic Dart            Conj           100%       1d8       1%          1
b - Searing Ray           Conj           76%        2d7       1%          2
c - Call Imp              Summ           8%         N/A       13%         2
d - Dazzling Flash        Conj/Hex       46%        N/A       5%          3

Your spell library contained the following spells:

 Spells                   Type           Power      Damage    Failure   Level
 Foxfire                  Conj/Fire      92%        2x1d8     1%          1
 Mephitic Cloud           Conj/Pois/Air  18%        N/A       9%          3
 Fulminant Prism          Conj/Hex       11%        3d9       19%         4
 Iskenderun's Mystic Bla  Conj/Tloc      23%        2d6       19%         4
 Confusing Touch          Hex            8%         N/A       26%         3
 Yara's Violent Unravell  Hex/Tmut       4%         3d4       93%         5
 Enfeeble                 Hex            4%         N/A       100%        7


Dungeon Overview and Level Annotations

Branches:
Dungeon (6/15)
 Temple: D:4-7

Altars:
Vehumet

Shops:
D:3 =   D:4 *

Annotations:
D:6 Grinder, Maggie


Innate Abilities, Weirdness & Mutations

You can breathe waves of freezing cold which knock back foes.
Your icy white scales are hard. (AC +6)
You cannot fit into any form of body armour.
Your flesh is cold resistant. (rC+)
You are cold-blooded and may be slowed by cold attacks.


Message History

The searing ray misses Maggie.
Maggie mumbles the words to a spell, but in the wrong order.
Maggie mumbles some strange words.
Maggie attempts to bespell you! You resist with almost no effort.
The searing ray hits Maggie!
Maggie is severely wounded.
You finish channelling your searing ray.
You hear a shout!
Grinder comes into view.
Maggie mumbles some strange words.
Maggie attempts to bespell you!
You are mesmerised by Maggie!
Casting: Searing Ray (safe; 1% risk of failure)
Confirm with . or Enter, or press ? or * to list all spells.
Aiming: Searing Ray (safe; 1% risk of failure)
Press: ? - help, Shift-Dir - straight line, f/p - Maggie
Aim: Maggie, wielding a +0 glaive of distortion, wearing +0 acid dragon scales and carrying a wand of digging (6) (severely wounded, mesmerising, 81% to hit)
The searing ray hits Maggie.
Maggie is almost dead. (Press . to maintain the ray.) Maggie misses you.
The searing ray misses Grinder.
The searing ray hits Maggie.
Maggie is almost dead.
Grinder hits you.
You writhe in agony.
Maggie barely misses you.
The searing ray hits Grinder!
Grinder is moderately wounded.
The searing ray hits Maggie but does no damage.
Maggie is almost dead.
Grinder misses you. Maggie misses you.
The searing ray misses Grinder.
The searing ray hits Maggie but does no damage.
Maggie is almost dead.
You finish channelling your searing ray.
Grinder hits you.
You writhe in agony.
Maggie hits you from afar with a +0 glaive of distortion!
* * * LOW HITPOINT WARNING * * *
You feel better. Grinder hits you!
* * * LOW HITPOINT WARNING * * *
Maggie hits you from afar with a +0 glaive of distortion!
You die...

##.#.#####.......
#......{(.......
.#<#.#####......
.......###.....
.#.....#.. ...#
#........# #..# #
#......#.# #..# .#
#......#.###..####..###.
#.##.###........@5@.....
...........###.###..####
..##.####.## #.# .#
.....# ### #.# .. ..##.#
#.# .+ ..##.# #.# #
...#)# #.# .#.#)#######
... .......g.g.. #..


You could see Maggie (mesmerising) and Grinder.

Vanquished Creatures
  Pikel (D:4)
  A sky beast (D:6)
  3 lemures (D:4)
  A bullfrog (D:6)
  4 scorpions
  2 necrophages
  A gnoll bouda (D:6)
  A hound (D:5)
  A jelly (D:5)
  Jessica (D:3)
  3 iguanas
  Ijyb (D:4)
  3 orc wizards (D:6)
  12 gnolls
  4 adders
  3 worms
  2 dart slugs (D:4)
  6 orcs
  2 bats
  7 endoplasms
  2 giant cockroaches
  6 goblins
  4 hobgoblins
  6 jackals
  2 quokkas
  7 ball pythons
  6 frilled lizards
  5 kobolds
  3 rats
100 creatures vanquished.

Vanquished Creatures (others)
  11 plants (D:2)
11 creatures vanquished.

Grand Total: 111 creatures vanquished

Notes
Turn   | Place    | Note
-------+----------+-------------------------------------------
     0 | D:1      | Tocho the Draconian Conjurer began the quest for the Orb.
     0 | D:1      | Reached XP level 1. HP: 14/14 MP: 3/3
   225 | D:1      | Reached XP level 2. HP: 20/20 MP: 3/5
   992 | D:2      | You fall into a shaft and drop 1 floor!
  1046 | D:3      | Reached XP level 3. HP: 26/26 MP: 3/6
  1064 | D:3      | Noticed Jessica
  1072 | D:3      | Killed Jessica
  1073 | D:3      | Reached skill level 5 in Conjurations
  1076 | D:3      | Learned a level 2 spell: Searing Ray
  1203 | D:3      | Found Ommoff's Jewellery Boutique.
  1341 | D:3      | Reached XP level 4. HP: 33/33 MP: 6/8
  1349 | D:3      | Reached skill level 3 in Spellcasting
  1519 | D:4      | Noticed Ijyb
  1852 | D:4      | Noticed a scorpion
  1859 | D:4      | Killed a scorpion
  1860 | D:4      | Reached XP level 5. HP: 37/38 MP: 2/10
  2171 | D:4      | Learned a level 2 spell: Call Imp
  2204 | D:4      | Killed Ijyb
  2205 | D:4      | Reached skill level 4 in Spellcasting
  2340 | D:4      | Noticed Pikel
  2341 | D:4      | Noticed a lemure
  2341 | D:4      | Noticed a lemure
  2342 | D:4      | Noticed a lemure
  2342 | D:4      | Noticed a lemure
  2349 | D:4      | Killed a lemure
  2350 | D:4      | Killed a lemure
  2354 | D:4      | Killed a lemure
  2356 | D:4      | Killed Pikel
  2357 | D:4      | Reached skill level 5 in Spellcasting
  2357 | D:4      | Reached XP level 6. HP: 18/45 MP: 1/14
  2357 | D:4      | Your scales start taking on an icy white colour.
  2357 | D:4      | Reached XP level 7. HP: 20/50 MP: 1/15
  2357 | D:4      | Gained mutation: Your flesh is cold resistant. (rC+) [White
                  | Draconian growth]
  2545 | D:4      | Found Pyocs's Elemental Accessories.
  2641 | D:4      | Found a radiant altar of Vehumet.
  2646 | D:4      | Became a worshipper of Vehumet
  3560 | D:2      | Reached skill level 6 in Spellcasting
  3639 | D:2      | Found a faded altar of an unknown god.
  4030 | D:5      | Entered Level 5 of the Dungeon
  5143 | D:6      | Reached XP level 8. HP: 57/57 MP: 13/18
  5145 | D:6      | Reached skill level 7 in Spellcasting
  5248 | D:6      | Learned a level 3 spell: Dazzling Flash
  5319 | D:6      | Reached * piety under Vehumet
  5319 | D:6      | Offered knowledge of Foxfire by Vehumet.
  5460 | D:6      | Reached skill level 8 in Spellcasting
  5487 | D:6      | Noticed Maggie
  5496 | D:6      | Noticed Grinder
  5501 | D:6      | Slain by Maggie

Illustrated notes

Levels and vault maps discovered:
D:1:      psy_arrival_statuary, layout_basic, minmay_tetromino_s2
D:2:      wad_woods_pond, layout_basic, ebering_ecumenical_altar_rust
D:3:      layout_rooms, serial_shops, nicolae_shop_advertising_works
          [nicolae_subvault_shop_adworks], chequers_serial_rivers_micro_c,
          uniq_jessica
D:4:      layout_loops_ring, mainiacjoe_overflow_alcove_4,
          nicolae_elemental_shop, uniq_pikel, uniq_ijyb
D:5:      layout_basic
D:6:      minmay_flawed_box, layout_loops_ring, minmay_temple_entry_hall,
          uniq_grinder, uniq_edmund, uniq_maggie

Skill      XL: |  1  2  3  4  5  6  7  8 |
---------------+-------------------------+-----
Conjurations   | 5 6 7 |  7.6
Spellcasting   | 3 5 6 8 |  8.0
Dodging        | |  1.7
Stealth        | |  1.7

Action                   |  1- 3 |  4- 6 |  7- 9 || total
-------------------------+-------+-------+-------++-------
Melee: Short sword       |     2 |       |       ||     2
       Club              |     1 |     3 |    21 ||    25
       Tailslap          |       |     1 |     5 ||     6
 Cast: Magic Dart        |    64 |    46 |    65 ||   175
       Searing Ray       |       |    13 |    17 ||    30
 Abil: Breathe Frost     |       |       |     3 ||     3
  Use: Scroll            |       |     4 |       ||     4
       Potion            |       |     1 |     1 ||     2
 Stab: Sleeping          |     1 |       |     1 ||     2
Armor: Skin              |     1 |     4 |     6 ||    11
Dodge: Dodged            |    12 |    12 |    28 ||    52

Table legend: (Time is in decaauts)
 A = Elapsed time spent in this place.
 B = Non-inter-level travel time spent in this place.
 C = Inter-level travel time spent in this place.
 D = Time resting spent in this place.
 E = Time spent auto-exploring this place.
 F = Levels seen in this place.
 G = Mean time per level.
                   A        B        C        D        E       F      G
               +--------+--------+--------+--------+--------+-----+--------+
         Total |   5512 |   5064 |    448 |    550 |   3810 |   6 |  918.7 |
       Dungeon |   5512 |   5064 |    448 |    550 |   3810 |   6 |  918.7 |
               +--------+--------+--------+--------+--------+-----+--------+

Top non-repeatable levels by time:
     D:4: 1545 daAuts
     D:2: 1104 daAuts
     D:5: 965 daAuts
     D:1: 821 daAuts
     D:3: 570 daAuts
     D:6: 505 daAuts
